 Dungeon Crawl Stone Soup version 0.21.1-1-g345015fe64 (webtiles) character file.

282 P0ring the Cudgeler (level 6, -1/56 HPs)
             Began as a Minotaur Berserker on Apr 19, 2018.
             Was a Believer of Trog.
             Slain by Dox's ghost (9 damage)
             ... on level 3 of the Dungeon.
             The game lasted 00:04:01 (1937 turns).

P0ring the Cudgeler (Minotaur Berserker)            Turns: 1937, Time: 00:04:01

Health: -1/56      AC:  5    Str: 24    XL:     6   Next: 6%
Magic:  5/5        EV: 10    Int:  4    God:    Trog [**....]
Gold:   64         SH:  0    Dex:  9    Spells: 5/5 levels left

rFire    . . .     SeeInvis .   a - +0 mace
rCold    . . .     Gourm    .   (no shield)
rNeg     . . .     Faith    .   h - +0 chain mail
rPois    .         Spirit   .   (helmet restricted)
rElec    .         Reflect  .   (no cloak)
rCorr    .         Harm     .   (no gloves)
MR       .....                  (no boots)
Stlth    ..........             (no amulet)
HPRegen  0.18/turn              (no ring)
MPRegen  0.09/turn              (no ring)

@: confused, berserk cooldown, slowed, very slow
A: retaliatory headbutt, horns 2, deformed body, sense surroundings 1, sturdy
frame 1
a: Berserk, Trog's Hand, Burn Spellbooks, Renounce Religion


You were on level 3 of the Dungeon.
You worshipped Trog.
Trog was pleased with you.
You were very hungry.

You visited 1 branch of the dungeon, and saw 3 of its levels.

You collected 64 gold pieces.

Inventory:

Hand Weapons
 a - a +0 mace (weapon)
Armour
 b - a +0 animal skin
 h - a +0 chain mail (worn)
Jewellery
 d - an uncursed amulet of harm {unknown}
Scrolls
 e - a scroll of fear {unknown}
 i - a scroll of identify {unknown}
 j - a scroll of magic mapping {unknown}
 l - a scroll of teleportation {unknown}
 n - a scroll of blinking {unknown}
 o - a scroll of amnesia {unknown}
Potions
 f - a potion of magic
 g - a potion of mutation
 k - a potion of cancellation {unknown}
Books
 m - a book of Changes

   Spells                             Type                      Level
   a - Beastly Appendage              Transmutation                1
   b - Sticks to Snakes               Transmutation                2
   c - Spider Form                    Transmutation/Poison         3
   d - Ice Form                       Ice/Transmutation            4
   e - Blade Hands                    Transmutation                5
   Trog disapproves of the use of such an item.
Comestibles
 c - 3 rations


   Skills:
 + Level 5.6 Fighting
 + Level 5.7 Maces & Flails
 + Level 4.1 Armour
 + Level 2.7 Dodging
 + Level 0.2 Stealth


You had 5 spell levels left.
You didn't know any spells.

Dungeon Overview and Level Annotations

Branches:
Dungeon (3/15)

Altars:

Annotations:
D:3 Dox's ghost, amateur HuWz


Innate Abilities, Weirdness & Mutations

You reflexively headbutt those who attack you in melee.
You have a pair of horns on your head.
Armour fits poorly on your strangely shaped body.
You passively map a small area around you.
Your movements are slightly less encumbered by armour. (ER -2)


Message History

It was a potion of mutation.
You feel extremely strange.
You feel less encumbered by your armour.
Your body twists and deforms.
You feel a strange attunement to the structure of the dungeons.
You are engulfed in noxious fumes.
You choke on the stench!
You are more confused.
Dox's ghost casts a spell at you.
The ball explodes into a vile cloud!
The stinking cloud engulfs you!
The stinking cloud engulfs Dox's ghost.
Dox's ghost appears unharmed.
Dox's ghost barely misses you.
You're too confused to move!
You are engulfed in noxious fumes.
You choke on the stench!
You are more confused.
Dox's ghost gestures at you while chanting.
The magic dart hits you!
* * * LOW HITPOINT WARNING * * *
You barely miss Dox's ghost.
Dox's ghost is heavily damaged.
Dox's ghost hits you!
You die...

, * , ######### ,
. ##...#...## ..
##.........## ..
#.........<.# .#
**
#.....§).)(.#.###.
,,,
#......@W.........
##..!.§§..w..#####
##...#...#..# *
##########...>
...## ##.# .# , .
* * *. ,


You could see a worm (confused) and Dox's ghost.

Vanquished Creatures
  Sigmund (D:2)
  A hound (D:2)
  Robin (D:2)
  3 adders (D:2)
  2 worms (D:2)
  A dart slug (D:1)
  A ball python (D:1)
  2 bats
  2 giant cockroaches
  9 goblins
  6 hobgoblins
  8 kobolds
  2 frilled lizards (D:1)
  A jackal skeleton (D:3)
  6 rats
46 creatures vanquished.

Notes
Turn   | Place    | Note
-------+----------+-------------------------------------------
     0 | D:1      | P0ring the Minotaur Berserker began the quest for the Orb.
     0 | D:1      | Reached XP level 1. HP: 19/19 MP: 0/0
   238 | D:1      | Reached XP level 2. HP: 14/27 MP: 1/1
  1053 | D:2      | Reached XP level 3. HP: 27/33 MP: 2/2
  1245 | D:2      | Reached XP level 4. HP: 41/41 MP: 3/3
  1253 | D:2      | Noticed Robin
  1255 | D:2      | Reached ** piety under Trog
  1264 | D:2      | Killed Robin
  1538 | D:2      | Noticed Sigmund
  1546 | D:2      | Killed Sigmund
  1546 | D:2      | Reached skill level 5 in Fighting
  1546 | D:2      | Reached skill level 5 in Maces & Flails
  1546 | D:2      | Reached XP level 5. HP: 49/49 MP: 4/4
  1554 | D:2      | Reached XP level 6. HP: 54/56 MP: 5/5
  1807 | D:3      | Noticed Dox's ghost (amateur HuWz)
  1935 | D:3      | Gained mutation: Your movements are slightly less encumbered by armour. (ER -2) [potion of mutation]
  1935 | D:3      | Gained mutation: Armour fits poorly on your strangely shaped body. [potion of mutation]
  1935 | D:3      | Gained mutation: You passively map a small area around you. [potion of mutation]
  1937 | D:3      | Slain by Dox's ghost

Skill      XL: |  1  2  3  4 |
---------------+-------------+-----
Fighting       | 4 5 |  5.6
Maces & Flails | 4 5 |  5.7
Armour         | 3 4 |  4.1
Dodging        | |  2.7
Stealth        | |  0.2

Action                   |  1- 3 |  4- 6 || total
-------------------------+-------+-------++-------
Melee: Mace              |    55 |    66 ||   121
       Headbutt          |     8 |    11 ||    19
Invok: Berserk           |       |     2 ||     2
  Use: Potion            |       |     2 ||     2
  Eat: Chunk             |     1 |     3 ||     4
Armor: Animal skin       |     5 |       ||     5
       Chain mail        |    20 |    39 ||    59
Dodge: Dodged            |    26 |    31 ||    57
